 Dungeon Crawl Stone Soup version 0.30-a0-591-g3c58d2bc28 (webtiles) character file.

Game seed: 17628937749943327290

37 OTABOTABOTAB the Insei (level 3, -14/23 HPs)
             Began as an Octopode Transmuter on Jan 4, 2023.
             Killed from afar by Terence (20 damage)
             ... with a bolt of dispelling energy
             ... on level 2 of the Dungeon.
             The game lasted 00:03:08 (1047 turns).

OTABOTABOTAB the Insei (Octopode Transmuter)        Turns: 1047, Time: 00:03:09

Health: -14/23     AC:  1    Str:  9    XL:     3   Next: 41%
Magic:  1/6        EV: 13    Int: 17    God:
Gold:   87         SH:  0    Dex: 12    Spells: 0/6 levels left

rFire   . . .      SeeInvis .      - Unarmed
rCold   . . .      Faith    .    (no shield)
rNeg    . . .      Spirit   .    (helmet restricted)
rPois   .          Reflect  .    (no amulet)
rElec   .          Harm     .    (no ring)
rCorr   .          Rampage  .    (no ring)
Will    .....                    (no ring)
Stlth   ++                       (no ring)
HPRegen 0.23/turn                (no ring)
MPRegen 0.10/turn                (no ring)
                                 (no ring)
                                 (no ring)

@: very slightly contaminated
A: almost no armour, amphibious, 8 rings, camouflage 1, gelatinous body 1,
(nimble swimmer 1), tentacles
a: no special abilities


You were on level 2 of the Dungeon.
You visited 1 branch of the dungeon, and saw 2 of its levels.

You collected 87 gold pieces.

Inventory:

Missiles
 s - 2 stones
Scrolls
 c - a scroll of acquirement {unknown}
 d - a scroll of fear {unknown}
Potions
 a - a potion of invisibility {unknown}
 b - a potion of mutation {unknown}
 P - a potion of lignification {!q}


   Skills:
 - Level 1.0 Fighting
 - Level 2.0 Dodging
 * Level 3.7 Unarmed Combat
 - Level 2.0 Spellcasting
 + Level 2.4 Transmutations
 + Level 1.5 Poison Magic


You couldn't memorise any spells.
You knew the following spells:

 Your Spells              Type           Power      Damage    Failure   Level
a - Beastly Appendage     Tmut           20%        N/A       7%          1
b - Wereblood             Tmut           10%        N/A       11%         2
c - Spider Form           Tmut/Pois      8%         N/A       26%         3

Your spell library contained the following spells:

 Spells                   Type           Power      Damage    Failure   Level
 Ice Form                 Ice/Tmut       5%         N/A       75%         4


Dungeon Overview and Level Annotations

Branches:
Dungeon (2/15)

Altars:

Annotations:
D:2 Terence


Innate Abilities, Weirdness & Mutations

You cannot wear most types of armour.
You are amphibious.
You can wear up to eight rings at the same time.
Your skin changes colour to match your surroundings (Stealth+).
Your rubbery body absorbs attacks. (AC +1, EV +1)
((You are camouflaged when in or above water. (Stealth+)))
You have tentacles for arms and can constrict up to eight enemies at once.


Message History

No target in view!
Unknown command.
You now have 61 gold pieces (gained 17).
A frilled lizard comes into view.
You see here 13 gold pieces.
A frilled lizard is nearby!
A frilled lizard is nearby!
A frilled lizard is nearby!
The helpless frilled lizard fails to defend itself.
You tentacle-slap the frilled lizard.
You kill the frilled lizard!
Unknown command.
No target in view!
No target in view!
You now have 74 gold pieces (gained 13).
You now have 87 gold pieces (gained 13).
A ball python is nearby!
A ball python is nearby!
A ball python is nearby!
A ball python is nearby!
The ball python hisses angrily.
You tentacle-slap the ball python.
You kill the ball python!
No target in view!
No target in view!
Unknown command.
No target in view!
Done exploring.
Done exploring.
Done exploring.
Done exploring.
Done exploring.
No target in view!
No target in view!
Unknown command.
Done exploring.
Done exploring.
Done exploring.
Done exploring.
Done exploring.
Done exploring.
Done exploring.
Done exploring.
Done exploring.
(D) Dungeon
Where to? (? - help)
There is a stone staircase leading down here.
You climb downwards.
There is a stone staircase leading up here.
Terence the Incautious comes into view.
He is wielding a +1 mace of draining and carrying a wand of quicksilver (7).
No reachable target in view!
Unknown command.
Memorise Wereblood, consuming 2 spell levels and leaving 3?
You start memorising the spell.
You continue memorising.
Terence shouts!
Terence zaps a wand.
Your memorisation is interrupted.
The bolt of dispelling energy misses you.
Okay, then.
There is a stone staircase leading up here.
You climb upwards.
There is a stone staircase leading down here.
Memorise Wereblood, consuming 2 spell levels and leaving 3?
You start memorising the spell.
You continue memorising. x2
You finish memorising.
Spell assigned to 'b'.
This spell is extremely dangerous to cast!
Memorise Spider Form, consuming 3 spell levels and leaving 0?
You start memorising the spell.
You continue memorising. x3
You finish memorising.
Spell assigned to 'c'.
Okay, then.
Unknown command.
Okay, then.
Unknown command.
The spell is extremely dangerous to miscast (26% risk of failure)!
Continue anyway?
You miscast Spider Form.
You are very lightly contaminated with residual magic.
Nothing appears to happen.
You now have 3/6 mp.
The spell is extremely dangerous to miscast (26% risk of failure)!
Continue anyway?
You turn into a venomous arachnid creature.
You now have 0/6 mp.
You climb downwards.
Level annotation: Terence
There is a stone staircase leading up here.
No target in view!
You hit Terence but do no damage.
Terence is poisoned.
Terence misses you.
You hit Terence.
Terence looks as sick as possible!
Terence zaps a wand.
The bolt of dispelling energy hits you!
Your magical effects are unravelling.
Ouch! That really hurt!
* * * LOW HITPOINT WARNING * * *
You take 17 damage, and have 6/23 hp.
MASSIVE DAMAGE!!
Terence attacks as you move away! Terence misses you.
Your transformation has ended.
Terence zaps a wand.
The bolt of dispelling energy hits you!!
Ouch! That really hurt!
You die...

### #
#.# .#
##.#
..# ..#
##..#
#.# ...
#<##@#
##@..#
#.###
#...?#
#.....
##.###.
.. .#
.#. #
#.# #


You could see Terence (extremely poisoned).

Vanquished Creatures
  A dart slug (D:1)
  A bat (D:1)
  3 endoplasms (D:1)
  2 giant cockroaches (D:1)
  A goblin (D:1)
  5 hobgoblins (D:1)
  4 jackals (D:1)
  3 quokkas (D:1)
  2 ball pythons (D:1)
  3 frilled lizards (D:1)
  A kobold (D:1)
  5 rats (D:1)
31 creatures vanquished.

Notes
Turn   | Place    | Note
-------+----------+-------------------------------------------
     0 | D:1      | OTABOTABOTAB the Octopode Transmuter began the quest for
                  | the Orb.
     0 | D:1      | Reached XP level 1. HP: 13/13 MP: 3/3
   201 | D:1      | Reached XP level 2. HP: 18/18 MP: 5/5
   303 | D:1      | Reached skill level 1 in Poison Magic
   598 | D:1      | Reached XP level 3. HP: 22/23 MP: 6/6
  1025 | D:2      | Noticed Terence
  1035 | D:1      | Learned a level 2 spell: Wereblood
  1039 | D:1      | Learned a level 3 spell: Spider Form
  1047 | D:2      | Killed from afar by Terence

Illustrated notes

Levels and vault maps discovered:
D:1:      dpeg_arrival_signposts, layout_loops_cross, roderic_roman_lattice
D:2:      minmay_chambers_of_twos, layout_basic, interstate_on_off,
          uniq_terence, uniq_sigmund, uniq_robin

Skill      XL: |  1  2 |
---------------+-------+-----
Poison Magic   | 1 |  1.5
Fighting       | |  1.0
Dodging        | |  2.0
Unarmed Combat | |  3.7
Spellcasting   | |  2.0
Transmutations | |  2.4

Action                   || total
-------------------------++-------
Melee: Unarmed           ||    70
       Constrict         ||    15
       Tentacles         ||    11
       Punch             ||     5
       Kick              ||     4
Throw: Stone             ||    13
 Cast: Beastly Appendage ||     6
       Spider Form       ||     1
 Abil: End Transformatio ||     5
 Stab: Sleeping          ||     5
Armor: Skin              ||     1
Dodge: Dodged            ||    40

Table legend: (Time is in decaauts)
 A = Elapsed time spent in this place.
 B = Non-inter-level travel time spent in this place.
 C = Inter-level travel time spent in this place.
 D = Time resting spent in this place.
 E = Time spent auto-exploring this place.
 F = Levels seen in this place.
 G = Mean time per level.
                   A        B        C        D        E       F      G
               +--------+--------+--------+--------+--------+-----+--------+
         Total |   1044 |   1008 |     36 |      0 |    799 |   2 |  522.0 |
       Dungeon |   1044 |   1008 |     36 |      0 |    799 |   2 |  522.0 |
               +--------+--------+--------+--------+--------+-----+--------+

Top non-repeatable levels by time:
     D:1: 1031 daAuts
     D:2: 13 daAuts

Table legend:
 A = Kills in this place as a percentage of kills in entire the game.
 B = Kills by you in this place as a percentage of kills by you in the entire game.
 C = Kills by friends in this place as a percentage of kills by friends in the entire game.
 D = Other kills in this place as a percentage of other kills in the entire game.
 E = Experience gained in this place as a percentage of experience gained in the entire game.
 F = Experience gained in this place divided by the number of levels of this place that you have seen.
                   A       B       C       D       E      F
               +-------+-------+-------+-------+-------+----------------------
         Total | 100.0 | 100.0 |   N/A |   N/A | 100.0 |  27.0
       Dungeon | 100.0 | 100.0 |   N/A |   N/A | 100.0 |  27.0
               +-------+-------+-------+-------+-------+----------------------
